[Event "Late-Titled-Tuesday-Blitz-January-23-2024"]
[Site "Chess.com"]
[Date "2024.01.23"]
[Round "5"]
[White "GMAkobianSTL"]
[Black "shimastream"]
[Result "0-1"]
[WhiteElo "2758"]
[BlackElo "3005"]
[TimeControl "180+1"]
[EndTime "14:54:02 PST"]
[Termination "shimastream won by resignation"]

1. d4 Nf6 2. c4 d6 3. Nf3 g6 4. Nc3 Bg7 5. Bg5 Nbd7 6. e3 c6 7. Be2 O-O 8. Qc2 Qc7 9. O-O e5 10. Rfd1 Re8 11. Rac1 exd4 12. Nxd4 Ne5 13. b4 a5 14. a3 axb4 15. axb4 h6 16. Bh4 Nh7 17. h3 f5 18. Bg3 Nf6 19. b5 Kh7 20. Qb3 Nfd7 21.
Qc2 Nc5 22. Nb3 Na4 23. Nxa4 Rxa4 24. Nd4 Rb4 25. bxc6 bxc6 26. c5 d5 27. Rb1 Rxb1 28.
Rxb1 Bd7 29. Rb6 Ra8 30. Qb3 Ra1+ 31. Kh2 Ra7 32. Rb8 h5 33. Qb6 Bf6 34. Nf3 Nxf3+ 35.
Bxf3 Be5 36. Bxe5 Qxe5+ 37. g3 Ra2 38. Kg2 Qxe3 39. Rh8+ Kxh8 40. Qd8+ Be8 41. Qf6+ Kh7 0-1

[Event "Late-Titled-Tuesday-Blitz-January-23-2024"]
[Site "Chess.com"]
[Date "2024.01.23"]
[Round "5"]
[White "Cluke86"]
[Black "wild3000"]
[Result "0-1"]
[WhiteElo "2260"]
[BlackElo "2454"]
[TimeControl "180+1"]
[EndTime "14:54:05 PST"]
[Termination "wild3000 won by resignation"]

1. e4 e6 2. d4 a6 3. c4 d6 4.
Nc3 Nf6 5. Bd3 Be7 6. f4 c5 7. d5 exd5 8. exd5 Bg4 9. Nf3 Nbd7 10. h3 Bxf3 11. Qxf3 O-O 12. O-O b5 13. b3 bxc4 14. bxc4 Rb8 15. Nd1 Qa5 16. Bb2 Rfe8 17.
Bc3 Qc7 18. Ne3 Bf8 19. Nf5 g6 20. Ne3 Bg7 21. Rae1 Nh5 22. Bxg7 Nxg7 23. Ng4 Rxe1 24. Rxe1 h5 25. Nf2 Re8 26. Rxe8+ Nxe8 27. g4 hxg4 28. hxg4 Nef6 29. g5 Nh5 30. Qe4 Qd8 31. Ng4 Kf8 32.
Qe1 Nxf4 33. Qh4 Nh5 34. Nh6 Ne5 35. Be2 Qa5 36. Bxh5 gxh5 37. Qxh5 Qe1+ 38. Kg2 Qd2+ 39. Kf1 Qd3+ 40. Kf2 Qb1 41. Nf5 Qxf5+ 0-1

[Event "Late-Titled-Tuesday-Blitz-January-23-2024"]
[Site "Chess.com"]
[Date "2024.01.23"]
[Round "5"]
[White "Alex_Banzea"]
[Black "toninhojit"]
[Result "0-1"]
[WhiteElo "2617"]
[BlackElo "2490"]
[TimeControl "180+1"]
[EndTime "14:54:06 PST"]
[Termination "toninhojit won by resignation"]

1. d4 Nf6 2. Nc3 c5 3. d5 d6 4. e4 g6 5. Nf3 Bg7 6. Bc4 O-O 7.
O-O Na6 8. h3 Nc7 9. Bf4 b5 10.
Nxb5 Nxe4 11. Nxc7 Qxc7 12. c3 Rb8 13. Re1 Nf6 14.
Re2 Re8 15. Qa4 Bd7 16. Qa3 Bb5 17. Bxb5 Rxb5 18. c4 Rb4 19. Nd2 Nxd5 20. cxd5 Rxf4 21. Rae1 Rd4 22. Nf3 Rb4 23. b3 Bf6 24. Qa6 Qb7 25.
Qd3 Rc8 26. Nd2 Rd4 27. Qe3 Qxd5 28. Nc4 Rd1 29. g3 Rxe1+ 30. Rxe1 Qf5 31. h4 Bd4 32. Qe2 d5 33. Nd2 Rc6 34. Nf3 Re6 0-1

[Event "Late-Titled-Tuesday-Blitz-January-23-2024"]
[Site "Chess.com"]
[Date "2024.01.23"]
[Round "5"]
[White "egnfanclub"]
[Black "Nf3c5"]
[Result "1-0"]
[WhiteElo "2371"]
[BlackElo "2536"]
[TimeControl "180+1"]
[EndTime "14:54:06 PST"]
[Termination "egnfanclub won on time"]

1. e4 c5 2. Nc3 a6 3. f4 b5 4. g3 Bb7 5. Bg2 e6 6. d3 d5 7. Qe2 Nf6 8. e5 Ng8 9. Nf3 Nh6 10. d4 Nf5 11. Be3 Nc6 12. Rd1 cxd4 13. Nxd4 Ncxd4 14. Bxd4 Nxd4 15. Rxd4 Bc5 16. Rd3 b4 17. Ne4 Qa5 18. Nxc5 Qxc5 19. f5 a5 20. fxe6 fxe6 21. Qh5+ g6 22.
Qg4 Qb6 23. Bh3 Kd7 24. Rf3 Rae8 25. Rf7+ Re7 26. Rhf1 Re8 27. R1f6 Qe3+ 28. Kd1 Qxe5 29. Rxe6 Qd4+ 30. Qxd4 1-0

[Event "Late-Titled-Tuesday-Blitz-January-23-2024"]
[Site "Chess.com"]
[Date "2024.01.23"]
[Round "5"]
[White "DavidGavrilescu18"]
[Black "YoreDea"]
[Result "1-0"]
[WhiteElo "2818"]
[BlackElo "2570"]
[TimeControl "180+1"]
[EndTime "14:54:08 PST"]
[Termination "DavidGavrilescu18 won by resignation"]

1. e4 e6 2. d4 d5 3. e5 c5 4. c3 Nc6 5. Nf3 Nge7 6. Na3 Qa5 7. Bd2 Nf5 8. Nc2 Qb6 9. Bd3 Qxb2 10. O-O Qb6 11. c4 Nfxd4 12. cxd5 exd5 13. Ncxd4 cxd4 14. Re1 Be7 15. Ng5 Bxg5 16. Bxg5 Be6 17. f4 h6 18. Bh4 g6 19. Bf6 Rg8 20. Rb1 Qc7 21.
Qa4 Kd7 22. Rec1 Rab8 23. Qa3 Kc8 24. Rxc6 Qxc6 25. Rc1 Re8 26. Rxc6+ bxc6 27. Ba6+ Kc7 28. Be7 Rb1+ 29. Kf2 Kb6 30. Bc5+ Kc7 31. Bd6+ Kb6 32.
Bd3 Rb5 33. Bxb5 cxb5 34. Qc5+ Ka6 35. Qc6+ Ka5 36. Qxe8 1-0

[Event "Late-Titled-Tuesday-Blitz-January-23-2024"]
[Site "Chess.com"]
[Date "2024.01.23"]
[Round "5"]
[White "GMBenjaminBok"]
[Black "ArmanGhevondyanchess"]
[Result "1-0"]
[WhiteElo "2883"]
[BlackElo "2587"]
[TimeControl "180+1"]
[EndTime "14:54:09 PST"]
[Termination "GMBenjaminBok won by resignation"]

1. d4 Nf6 2. c4 g6 3. g3 d5 4.
Bg2 Bg7 5. Nf3 O-O 6. O-O c5 7. dxc5 dxc4 8. Na3 Qa5 9. Be3 Ng4 10. Nxc4 Qb5 11.
Qb3 Qa6 12. Bd4 Nc6 13. Bxg7 Kxg7 14. Qc3+ Kg8 15. b4 Be6 16. Rfc1 Rfd8 17. Nfe5 Ngxe5 18. Nxe5 Nd4 19. Re1 Nxe2+ 20. Rxe2 Qxe2 21. Bxb7 Rd1+ 22. Rxd1 Qxd1+ 23. Kg2 Bd5+ 24. Bxd5 Qxd5+ 25. Qf3 Qxf3+ 26. Kxf3 f6 27. Nc6 Kf7 28. b5 Ke6 29. b6 axb6 30.
cxb6 Ra3+ 31. Kg2 Rxa2 32. b7 Rb2 33. b8=Q Rxb8 34. Nxb8 h5 35. Nc6 Kd6 36. Nd4 e5 37. Ne2 g5 38. Kf3 f5 39. h4 g4+ 40. Ke3 Kd5 41. Kd3 Kc5 42. Nc3 Kd6 43. Kc4 f4 44.
Ne4+ Ke6 45. Kc5 Kf5 46. Kd5 1-0

[Event "Late-Titled-Tuesday-Blitz-January-23-2024"]
[Site "Chess.com"]
[Date "2024.01.23"]
[Round "5"]
[White "GlavkonVVS"]
[Black "Megagigahiper3345"]
[Result "1-0"]
[WhiteElo "2514"]
[BlackElo "2656"]
[TimeControl "180+1"]
[EndTime "14:54:09 PST"]
[Termination "GlavkonVVS won by resignation"]

1. c4 Nf6 2. Nc3 g6 3. Nf3 Bg7 4. d4 d5 5. cxd5 Nxd5 6. Qb3 Nb6 7. Bf4 O-O 8. Rd1 c6 9. e4 a5 10. a4 Na6 11. Be3 Bg4 12. d5 c5 13. Bxa6 bxa6 14. Bxc5 Nd7 15. Ba3 Rb8 16. Qc2 Ne5 17. Qe2 Qc7 18.
d6 Qb7 19. dxe7 Rfe8 20. h3 Nxf3+ 21. gxf3 Be6 22. Kf1 Rbc8 23. Kg2 Bf6 24. Nd5 Bxd5 25. Rxd5 Bxe7 26. Bxe7 Rxe7 27. Rxa5 Rc6 28. Rd1 Kg7 29. Rad5 Rb6 30. R1d2 Rb4 31. a5 h5 32. Qe3 Rc7 33. Rc5 Rxc5 34. Qxc5 Rb5 35. Qc3+ Kh7 36. Rd8 Rg5+ 37.
Kh2 Qd7 38. Rxd7 1-0

[Event "Late-Titled-Tuesday-Blitz-January-23-2024"]
[Site "Chess.com"]
[Date "2024.01.23"]
[Round "5"]
[White "esrosenberg"]
[Black "Chessdreamer2020"]
[Result "0-1"]
[WhiteElo "2365"]
[BlackElo "2555"]
[TimeControl "180+1"]
[EndTime "14:54:10 PST"]
[Termination "Chessdreamer2020 won by resignation"]

1. c4 d6 2. g3 e5 3. Bg2 Nc6 4. Nc3 Be6 5. d3 Qd7 6. a3 a5 7.
Rb1 Nf6 8. b4 axb4 9. axb4 Be7 10. b5 Nd8 11. h3 O-O 12. Nf3 h6 13. Be3 c6 14. Qd2 Re8 15. Bxh6 gxh6 16. Qxh6 Nh7 17.
Ne4 Bf8 18. Qh5 f6 19. bxc6 bxc6 20. O-O Qf7 21. Qh4 Be7 22. Qh6 d5 23. cxd5 cxd5 24. Nc3 Rc8 25. Rfc1 Nc6 26. Nh4 Bf8 27. Qg6+ Qxg6 28.
Nxg6 Bh6 29. e3 Kf7 30. Nh4 Ne7 31. Rb7 d4 32. Ne2 Rxc1+ 33. Nxc1 dxe3 34. Nb3 e2 35. Nf3 Bd5 36. Rb5 Bxf3 0-1

[Event "Late-Titled-Tuesday-Blitz-January-23-2024"]
[Site "Chess.com"]
[Date "2024.01.23"]
[Round "5"]
[White "Ali_rastbod"]
[Black "Igor_Lysyj"]
[Result "0-1"]
[WhiteElo "2694"]
[BlackElo "2887"]
[TimeControl "180+1"]
[EndTime "14:54:13 PST"]
[Termination "Igor_Lysyj won by resignation"]

1. d4 d5 2. c4 e6 3. Nc3 c5 4.
cxd5 exd5 5. Nf3 Nc6 6. dxc5 d4 7. Ne4 Bxc5 8. Nxc5 Qa5+ 9. Qd2 Qxc5 10. a3 Nge7 11. b4 Qb6 12. b5 Qxb5 13. Nxd4 Nxd4 14. Qxd4 O-O 15. e4 Qh5 16. Bb2 Qg6 17. Bd3 Nc6 18. Qe3 Qxg2 19. O-O-O Qh3 20. f3 f6 21. Rhg1 Qe6 22.
Kb1 Ne5 23. Be2 Qb6 24. Qh6 Ng6 25. Rxg6 hxg6 26. Qxg6 Be6 27. Rg1 Rf7 28. Bd1 Rd8 29.
Bc2 Rd2 30. Qg3 Bb3 31. Bxb3 Qxb3 0-1

[Event "Late-Titled-Tuesday-Blitz-January-23-2024"]
[Site "Chess.com"]
[Date "2024.01.23"]
[Round "5"]
[White "Jarrahi2452"]
[Black "ErikRonka"]
[Result "1-0"]
[WhiteElo "2652"]
[BlackElo "2483"]
[TimeControl "180+1"]
[EndTime "14:54:13 PST"]
[Termination "Jarrahi2452 won on time"]

1. d4 d5 2. Bf4 c5 3. e3 Nc6 4. c3 Nf6 5. Nd2 cxd4 6. exd4 Bg4 7. Ngf3 e6 8. Qb3 Qc8 9. Bd3 Bh5 10. O-O Bg6 11. Bb5 Be7 12. Ne5 O-O 13. Nxg6 hxg6 14.
Nf3 Ne4 15. Bd3 Bd6 16. Bxe4 Bxf4 17. Bd3 Qd7 18. Rfe1 Rab8 19. Rad1 Rfc8 20. Re2 a6 21. Rde1 b5 22. Qd1 a5 23. b3 b4 24. c4 dxc4 25. Bxc4 Nd8 26. d5 exd5 27. Qxd5 Qxd5 28. Bxd5 Nc6 29.
g3 Bd6 30. Ng5 Rb7 31. Rc2 Na7 32. Rxc8+ Nxc8 33. Re8+ Bf8 34. Bxb7 Nd6 35. Rb8 f6 36. Ne6 Kf7 37. Nxf8 1-0

[Event "Late-Titled-Tuesday-Blitz-January-23-2024"]
[Site "Chess.com"]
[Date "2024.01.23"]
[Round "5"]
[White "Inepton_Fermion"]
[Black "Alexei_Gubajdullin"]
[Result "0-1"]
[WhiteElo "2450"]
[BlackElo "2605"]
[TimeControl "180+1"]
[EndTime "14:54:15 PST"]
[Termination "Alexei_Gubajdullin won on time"]

1. e4 e5 2. Nf3 Nf6 3. Nxe5 d6 4. Nf3 Nxe4 5. Nc3 Nxc3 6. dxc3 Nc6 7. Be3 Be7 8. Bd3 Be6 9. h4 Qd7 10. c4 O-O-O 11.
Qd2 b6 12. O-O-O Bf5 13. Bxf5 Qxf5 14. Qd5 Qxd5 15. cxd5 Ne5 16. Nd4 Ng4 17. Nc6 Rde8 18. Nxa7+ Kb7 19. Nc6 Nxe3 20. fxe3 Bf6 21. Rde1 Re4 22.
c3 Bxh4 23. Ref1 f6 24. Nd4 Bg5 25. Ne6 Bxe3+ 26. Kc2 Bh6 27. Kd3 Re3+ 28. Kc4 Re2 29. g4 Rxb2 30. g5 fxg5 31. Rf7 Rc8 32. Nxg7 Bxg7 33.
Rxg7 Rxa2 34. Rhxh7 g4 35. Kd4 Ra4+ 36. c4 b5 37. Kc3 Rxc4+ 38. Kb3 Rf8 39. Rh4 Rf3+ 40.
Kb2 g3 41. Rh3 Re4 42. Kc2 Re2+ 43. Kd1 Ra2 44. Re7 Rf1+ 0-1

[Event "Late-Titled-Tuesday-Blitz-January-23-2024"]
[Site "Chess.com"]
[Date "2024.01.23"]
[Round "5"]
[White "hsd2016"]
[Black "Cheer_Down"]
[Result "1-0"]
[WhiteElo "2297"]
[BlackElo "2418"]
[TimeControl "180+1"]
[EndTime "14:54:16 PST"]
[Termination "hsd2016 won by checkmate"]

1. e4 c5 2. Nf3 d6 3. d4 cxd4 4.
Nxd4 Nf6 5. Nc3 a6 6. Rg1 b5 7. g4 Bb7 8. Bg2 h6 9. a3 Nfd7 10. Be3 e6 11. Qd2 Ne5 12. O-O-O Nxg4 13. Bf3 Nxe3 14. Qxe3 Nd7 15. Bh5 Qh4 16. Nxe6 Qxh5 17. Nc7+ Kd8 18. Nxa8 Bxa8 19. Qa7 Bc6 20. Qxa6 Qc5 21.
Nd5 Bxd5 22. Rxd5 Qxf2 23. Rgd1 Qb6 24. Qa8+ Kc7 25. R1d3 Qb7 26. Qa5+ Kb8 27. Rxb5 Be7 28. Rxb7+ Kxb7 29. Qb5+ Kc7 30. Rc3+ Kd8 31. Qa5+ Ke8 32. Rc8+ Bd8 33. Qxd8# 1-0

[Event "Late-Titled-Tuesday-Blitz-January-23-2024"]
[Site "Chess.com"]
[Date "2024.01.23"]
[Round "5"]
[White "rynos0411"]
[Black "NitaLucian"]
[Result "1-0"]
[WhiteElo "2492"]
[BlackElo "2302"]
[TimeControl "180+1"]
[EndTime "14:54:17 PST"]
[Termination "rynos0411 won by resignation"]

1. e4 d6 2. d4 Nf6 3. Nc3 e5 4. Nf3 Nbd7 5. Bc4 Be7 6. O-O O-O 7. a4 c6 8. Re1 a5 9. h3 Nb6 10. Bb3 Nfd7 11. Qe2 exd4 12. Nxd4 Nc5 13. Ba2 Nbxa4 14. Nxa4 Nxa4 15. Bxf7+ Rxf7 16. Rxa4 Bf6 17. Nf5 b5 18.
Ra3 a4 19. Rg3 Bxf5 20. exf5 Re7 21. Qd1 Rxe1+ 22. Qxe1 Qe7 23. Re3 Qd7 24. Re6 Kf8 25.
Bf4 d5 26. c3 Re8 27. Qe3 Kf7 28. Rxe8 Qxe8 29. Qc5 Qd7 30. g4 h6 31. Kg2 d4 32.
cxd4 Bxd4 33. Qc2 Qd5+ 34. f3 c5 35. Qe2 b4 36. h4 a3 37. bxa3 bxa3 38. Qa6 a2 39. g5 hxg5 40. Qg6+ Ke7 41. Bxg5+ Bf6 42. Qxg7+ Qf7 43. Bxf6+ Ke8 44. Qxf7+ Kxf7 45. Ba1 Kg8 46. Kf2 Kh7 47. Ke2 Kh6 48. Kd3 Kh5 49. Kc4 Kxh4 50. Kxc5 Kg5 51. f6 Kg6 52. Kb4 Kf7 53. Ka3 Ke6 54.
Kxa2 Kf7 55. Kb3 Kf8 56. Kc4 1-0

[Event "Late-Titled-Tuesday-Blitz-January-23-2024"]
[Site "Chess.com"]
[Date "2024.01.23"]
[Round "5"]
[White "greekplayer1"]
[Black "Harsha_Bharathakoti"]
[Result "1-0"]
[WhiteElo "2717"]
[BlackElo "2896"]
[TimeControl "180+1"]
[EndTime "14:54:22 PST"]
[Termination "greekplayer1 won on time"]

1. e4 c5 2. Nf3 e6 3. d4 cxd4 4. Nxd4 a6 5. Bd3 Bc5 6. Nb3 Ba7 7. O-O Ne7 8. Qe2 Nbc6 9. Be3 O-O 10. c4 Bxe3 11.
Qxe3 d5 12. cxd5 exd5 13. exd5 Nxd5 14. Qg3 Qf6 15. Nc3 Nxc3 16. bxc3 Rd8 17. Rad1 Be6 18. Nc5 b6 19. Nxe6 Qxe6 20. Rfe1 Qf6 21. Be4 Rxd1 22.
Rxd1 Re8 23. Qf3 Ne5 24. Qxf6 gxf6 25. f3 Rc8 26. Rd6 Rxc3 27. Rxb6 Ra3 28. Rxf6 Rxa2 29. h4 Kg7 30. Rb6 h6 31. Rb7 Rd2 32. Ra7 Rd6 33. Kf2 Ng6 34. h5 Nf4 35. g4 Ne6 36. Ke3 Nc5 37.
Bb1 Rb6 38. Ba2 Ne6 39. f4 Rc6 40. Bd5 Rd6 41. Ke4 Rb6 42. Ke5 Rb5 43. f5 Rxd5+ 44. Kxd5 Nf4+ 45. Ke4 1-0

[Event "Late-Titled-Tuesday-Blitz-January-23-2024"]
[Site "Chess.com"]
[Date "2024.01.23"]
[Round "5"]
[White "Lennis93"]
[Black "Mikhail_Golubev"]
[Result "1/2-1/2"]
[WhiteElo "2711"]
[BlackElo "2527"]
[TimeControl "180+1"]
[EndTime "14:54:23 PST"]
[Termination "Game drawn by repetition"]

1. d4 Nf6 2. c4 g6 3. Nf3 Bg7 4. Nc3 O-O 5. h3 d6 6. Bf4 Nc6 7. e3 Qe8 8. Bh2 e5 9. Be2 exd4 10. Nxd4 Nxd4 11. Qxd4 Ne4 12. Qd3 Bf5 13. g4 Nxf2 14.
Qd5 Bxc3+ 15. bxc3 Be4 16. Kxf2 Bxd5 17. cxd5 f5 18. g5 Qe4 19. Bf4 Qxd5 20. h4 Rae8 21.
h5 Re4 22. hxg6 hxg6 23. Rh6 Rxf4+ 24. exf4 Re8 25. Rxg6+ Kf7 26. Bh5 Qd2+ 27. Kg1 Qe3+ 28. Kg2 Qe4+ 29. Kh3 Ke7 30. Rg7+ Kd8 31. Bxe8 Qf3+ 32.
Kh2 Qxf4+ 33. Kg2 Qg4+ 34. Kf2 Qf4+ 35. Ke2 Qe4+ 36. Kd2 Qd5+ 37. Kc2 Qe4+ 38. Kb3 Qd5+ 39. Ka3 Qc5+ 40. Kb2 Qb6+ 41. Kc2 Qf2+ 42. Kd3 Qf3+ 43.
Kc4 Qe4+ 44. Kb3 Qd5+ 45. Kb2 Qd2+ 46. Kb3 Qd5+ 1/2-1/2

[Event "Late-Titled-Tuesday-Blitz-January-23-2024"]
[Site "Chess.com"]
[Date "2024.01.23"]
[Round "5"]
[White "Vladimir_2020"]
[Black "Ajedrecista3000"]
[Result "0-1"]
[WhiteElo "2720"]
[BlackElo "2587"]
[TimeControl "180+1"]
[EndTime "14:54:24 PST"]
[Termination "Ajedrecista3000 won by resignation"]

1. e4 e5 2. Nf3 Nc6 3. Bc4 Nf6 4. d3 Bc5 5. O-O d6 6. c3 a5 7. Nbd2 Ba7 8. Re1 O-O 9. Nf1 a4 10. h3 Bd7 11. d4 Re8 12. Ng3 h6 13. Bf1 exd4 14. cxd4 d5 15. e5 Ne4 16. Nxe4 dxe4 17. Rxe4 Bf5 18. Rf4 Bg6 19. Be3 Nb4 20. Rg4 Nd5 21.
Qd2 Nxe3 22. Qxe3 c5 23. dxc5 Qd5 24. Bc4 Qc6 25. Nd4 Qxc5 26. Rxg6 Qxc4 27. Rxg7+ Kxg7 28. Nf5+ Kg6 29. Qxh6+ Kxf5 30. Qf6+ Ke4 31. Rd1 Qe2 32. Rd6 Qxf2+ 33. Qxf2 Bxf2+ 34. Kxf2 Rxe5 0-1

[Event "Late-Titled-Tuesday-Blitz-January-23-2024"]
[Site "Chess.com"]
[Date "2024.01.23"]
[Round "5"]
[White "messiboca"]
[Black "Bigfish1995"]
[Result "0-1"]
[WhiteElo "2770"]
[BlackElo "3131"]
[TimeControl "180+1"]
[EndTime "14:54:25 PST"]
[Termination "Bigfish1995 won on time"]

1. c4 e5 2. e3 Nf6 3. Nc3 Nc6 4. Nf3 Be7 5. a3 O-O 6. Qc2 a5 7. b3 Re8 8. Bb2 Bf8 9. Bd3 d6 10. h4 h6 11. Ng5 Be6 12. Nd5 Be7 13. Bh7+ Kf8 14. Nxe6+ fxe6 15. Nc3 Nxh7 16. Qxh7 Kf7 17. h5 Bf6 18. Ne4 Ne7 19. Nxf6 Rh8 20. Qe4 gxf6 21. f4 d5 22. cxd5 exd5 23. Qc2 e4 24. g4 Rg8 25. g5 fxg5 26. fxg5 Rxg5 27. O-O-O Ke6 28. Rdf1 Nf5 29. Qc3 Kd7 30. Rhg1 Ng3 31. Rf7+ Kc8 32. Kb1 Ne2 33. Rxc7+ Kb8 34. Rxg5 Nxc3+ 35. Bxc3 Qxg5 0-1

[Event "Late-Titled-Tuesday-Blitz-January-23-2024"]
[Site "Chess.com"]
[Date "2024.01.23"]
[Round "5"]
[White "Dedic8"]
[Black "yobdc"]
[Result "1-0"]
[WhiteElo "2808"]
[BlackElo "2550"]
[TimeControl "180+1"]
[EndTime "14:54:26 PST"]
[Termination "Dedic8 won by resignation"]

1. d4 Nf6 2. c4 g6 3. Nc3 Bg7 4. e4 d6 5. h3 O-O 6. Be3 c5 7. d5 e6 8. Nf3 exd5 9. cxd5 b5 10. Bxb5 Nxe4 11. Nxe4 Qa5+ 12. Qd2 Qxb5 13. Nxd6 Qa6 14. Nxc8 Rxc8 15. Qe2 Qa5+ 16. Bd2 Qd8 17. Qc4 Nd7 18.
O-O Nb6 19. Qc2 Qxd5 20. Bc3 Bxc3 21. Qxc3 Qc4 22. Qe3 Re8 23. Qh6 f6 24. Rac1 Qb4 25. Nh4 Re7 26. Rfd1 Rae8 27. Kh2 Qxb2 28. Nxg6 Rg7 29.
Nh4 Qxf2 30. Rf1 Qg3+ 31. Kh1 Nd5 32. Rc2 Re4 33. Nf5 Rg5 34. Nxg3 Rxg3 35. Rxc5 Ne3 36. Rc8+ Kf7 37. Qxh7+ Ke6 38. Qxe4+ 1-0

[Event "Late-Titled-Tuesday-Blitz-January-23-2024"]
[Site "Chess.com"]
[Date "2024.01.23"]
[Round "5"]
[White "aghasiyevkamal"]
[Black "JaackCamel"]
[Result "1-0"]
[WhiteElo "2625"]
[BlackElo "2173"]
[TimeControl "180+1"]
[EndTime "14:54:26 PST"]
[Termination "aghasiyevkamal won by resignation"]

1. e4 e6 2. d4 d5 3. exd5 exd5 4. Nf3 Nf6 5. Bd3 Bd6 6. O-O O-O 7. Bg5 Bg4 8. Nbd2 Nbd7 9. c3 c6 10. Qc2 Qc7 11. h3 Bh5 12. Nh4 Bf4 13. Bxf4 Qxf4 14.
Nf5 Rae8 15. Rae1 Re6 16. g3 Qb8 17. Ne7+ Kh8 18. Bf5 Rxe1 19. Rxe1 Bg6 20. Nxg6+ hxg6 21. Bxd7 Nxd7 22. Nf3 Nf6 23. Ne5 Ne4 24. Nd7 Qc8 25. Nxf8 Qxh3 26. Rxe4 dxe4 27. Qxe4 Kg8 28. Qe8 Qf5 29.
Nxg6+ Kh7 30. Nf8+ Kg8 31. Ne6+ Kh7 32. Qxf7 Qxf7 33.
Ng5+ Kg6 34. Nxf7 Kxf7 35. f4 Kf6 36. Kf2 Kf5 37. Kf3 1-0

[Event "Late-Titled-Tuesday-Blitz-January-23-2024"]
[Site "Chess.com"]
[Date "2024.01.23"]
[Round "5"]
[White "Josgar05"]
[Black "Defenstrator"]
[Result "0-1"]
[WhiteElo "2311"]
[BlackElo "2500"]
[TimeControl "180+1"]
[EndTime "14:54:26 PST"]
[Termination "Defenstrator won by resignation"]

1. Nf3 g5 2. Nxg5 Nf6 3. Nf3 Nc6 4. d4 d5 5. c4 Bg4 6. Nc3 dxc4 7. d5 Bxf3 8. exf3 Ne5 9. Bxc4 Nxc4 10. Qa4+ c6 11. Qxc4 Nxd5 12. Bd2 Bg7 13. O-O-O Qa5 14. Ne4 Qb6 15.
Nc3 O-O 16. Rhe1 e6 17. Re4 Qxf2 18. Rg4 b5 19. Qd3 f5 20. Rg3 Kh8 21. Kb1 Rad8 22.
Rxg7 Kxg7 23. Be1 Qc5 24. Qc2 Ne3 25. Bf2 Rxd1+ 26. Qxd1 Nxd1 27. Bxc5 Nxc3+ 28. bxc3 e5 29. Bxf8+ Kxf8 30. Kc2 Ke7 31. Kd3 Kd6 32. g4 e4+ 33. fxe4 fxg4 34. Ke3 Ke5 35. a3 a5 36. Kd3 h5 37.
Ke3 h4 38. Kd3 h3 39. Ke3 c5 40. Kd3 g3 0-1

[Event "Late-Titled-Tuesday-Blitz-January-23-2024"]
[Site "Chess.com"]
[Date "2024.01.23"]
[Round "5"]
[White "Jumbo"]
[Black "Cubitas"]
[Result "1-0"]
[WhiteElo "2953"]
[BlackElo "2728"]
[TimeControl "180+1"]
[EndTime "14:54:27 PST"]
[Termination "Jumbo won by resignation"]

1. d4 Nf6 2. Nf3 g6 3. Bf4 Bg7 4. e3 O-O 5. h3 d6 6. Bc4 b6 7. O-O Bb7 8. a4 a6 9. Nc3 Nbd7 10. Re1 e6 11. e4 e5 12. dxe5 dxe5 13. Nxe5 Nh5 14.
Qxd7 Nxf4 15. Qxd8 Raxd8 16. Nd3 Ne6 17. Bxe6 fxe6 18.
a5 Bd4 19. Re2 e5 20. Nd5 Bxd5 21. exd5 Rxd5 22. axb6 Bxb6 23. Rxa6 Rd4 24. Rxe5 Rc4 25. Re2 g5 26. g3 h5 27. Kg2 h4 28. g4 Rc6 29.
Ra4 Rcf6 30. Rae4 R8f7 31. Re5 Rg6 32. Re8+ Rf8 33. Rxf8+ Kxf8 34. Re5 Kg7 35. Rf5 Kh6 36. Ne5 Re6 37. Nf7+ Kg6 38. Nxg5 Re2 39. c4 Rxb2 40.
c5 Ba5 41. Ne6 c6 42. Nd4 Be1 43. Nxc6 Rc2 44. Ne5+ Kh6 45. Nd3 Bd2 46. Rd5 Be3 47. Kf3 Bg5 48. Ke4 Rc4+ 49. Rd4 Rc3 50. f4 Bf6 51.
g5+ 1-0

[Event "Late-Titled-Tuesday-Blitz-January-23-2024"]
[Site "Chess.com"]
[Date "2024.01.23"]
[Round "5"]
[White "Grandmaster2B"]
[Black "luizzy"]
[Result "1-0"]
[WhiteElo "2809"]
[BlackElo "2552"]
[TimeControl "180+1"]
[EndTime "14:54:27 PST"]
[Termination "Grandmaster2B won on time"]

1. d4 d6 2. e4 Nf6 3. Bd3 c5 4. dxc5 dxc5 5. e5 Nd5 6. f4 Nc6 7. c3 g6 8. Nf3 Bg4 9. O-O Bg7 10. h3 Bxf3 11. Qxf3 O-O 12. Nd2 Qd7 13. Ne4 b6 14. Bd2 Rfd8 15. Rad1 a6 16. Bc1 e6 17. Nd6 Bxe5 18. fxe5 Nxe5 19. Qg3 Qxd6 20. Be4 Nc4 21. Qf2 Qc7 22. b3 Nd6 23. Bf3 Ra7 24. c4 Nb4 25.
Bg5 Rd7 26. Bf4 Qd8 27. a3 Nf5 28. axb4 cxb4 29. Be5 a5 30. Ba1 f6 31. g4 Ng7 32.
Bd4 1-0

[Event "Late-Titled-Tuesday-Blitz-January-23-2024"]
[Site "Chess.com"]
[Date "2024.01.23"]
[Round "5"]
[White "Defend1r"]
[Black "vladoboch"]
[Result "1-0"]
[WhiteElo "2567"]
[BlackElo "2403"]
[TimeControl "180+1"]
[EndTime "14:54:27 PST"]
[Termination "Defend1r won on time"]

1. e4 e5 2. Nf3 Nc6 3. Bc4 Nf6 4. d4 Nxe4 5. Bd5 Nf6 6. dxe5 Nxd5 7. Qxd5 d6 8. exd6 Be6 9. d7+ Bxd7 10. O-O Bd6 11. Qe4+ Qe7 12. Qc4 Be6 13. Qa4 O-O-O 14. Nc3 Kb8 15.
Ne4 h6 16. Be3 Bd5 17. Nxd6 Qxd6 18. Nd4 Nxd4 19. Qxd4 b6 20. f3 Qg6 21. Qc3 h5 22. a4 h4 23. h3 Bb7 24. a5 Rh5 25. axb6 axb6 26. Bf4 Rc5 27. Qe3 Rxc2 28. Rf2 Rxf2 29. Qxf2 Qf6 30. Qe3 Qc6 31. Rc1 Qb5 32. Bxc7+ Kc8 33.
Bxb6+ 1-0

[Event "Late-Titled-Tuesday-Blitz-January-23-2024"]
[Site "Chess.com"]
[Date "2024.01.23"]
[Round "5"]
[White "brunoo2003"]
[Black "stregachess"]
[Result "1-0"]
[WhiteElo "2531"]
[BlackElo "2108"]
[TimeControl "180+1"]
[EndTime "14:54:29 PST"]
[Termination "brunoo2003 won by resignation"]

1. d4 Nf6 2. c4 e5 3. dxe5 Ne4 4.
e6 fxe6 5. Qc2 Bb4+ 6. Nd2 Nxd2 7. Bxd2 Bxd2+ 8. Qxd2 O-O 9. Nf3 d6 10. e3 Nc6 11.
Bd3 e5 12. h4 h6 13. Be4 Be6 14. b3 Qf6 15. h5 Rab8 16. O-O-O a5 17. Rdg1 a4 18.
g4 axb3 19. axb3 Ra8 20. Kb2 Ra7 21. g5 hxg5 22. Rxg5 Rfa8 23. Kc3 Na5 24. Rg6 Qf7 25. Rxe6 Nxc4 26. Kxc4 b5+ 27. Kc3 c5 28. Bd5 b4+ 29.
Kc4 Kf8 30. h6 Ra2 31. h7 Qxe6 32. h8=Q+ Ke7 33. Qxg7+ Kd8 34. Bxe6 R8a7 35. Qf8+ 1-0

[Event "Late-Titled-Tuesday-Blitz-January-23-2024"]
[Site "Chess.com"]
[Date "2024.01.23"]
[Round "5"]
[White "Aleksandar-Topalov"]
[Black "guillembaches"]
[Result "0-1"]
[WhiteElo "2353"]
[BlackElo "2528"]
[TimeControl "180+1"]
[EndTime "14:54:29 PST"]
[Termination "guillembaches won on time"]

1. b3 e5 2. Bb2 d6 3. d4 exd4 4. Qxd4 Nc6 5. Qf4 Nf6 6. Nc3 Be7 7. Nf3 O-O 8. O-O-O Re8 9. e3 Bf8 10. Bb5 a6 11.
Bxc6 bxc6 12. h3 Be6 13. g4 Nd5 14. Nxd5 Bxd5 15. Rhg1 a5 16. Nd4 a4 17. Nf5 axb3 18.
axb3 Re4 19. Qg3 Ra2 20. Kb1 Rxb2+ 21. Kxb2 Qf6+ 22. Kb1 g6 23. Rd4 Rxd4 24. Nxd4 c5 25. g5 Qd8 26. Ne2 Bg7 27. Qf4 c4 28. e4 Qa8 29. Kc1 Bxe4 30. bxc4 Bf5 31. Rg3 Qa2 0-1

[Event "Late-Titled-Tuesday-Blitz-January-23-2024"]
[Site "Chess.com"]
[Date "2024.01.23"]
[Round "5"]
[White "KNVB"]
[Black "rasmussvane"]
[Result "1-0"]
[WhiteElo "2763"]
[BlackElo "2968"]
[TimeControl "180+1"]
[EndTime "14:54:31 PST"]
[Termination "KNVB won on time"]

1. c4 e6 2. d4 d5 3. Nc3 a6 4.
cxd5 exd5 5. Bf4 Nf6 6. e3 Bd6 7. Qf3 c6 8. Bd3 Bxf4 9. Qxf4 O-O 10. Nf3 Re8 11. O-O Bg4 12. Ne5 Bh5 13. g4 Bg6 14. Bxg6 fxg6 15. g5 Nfd7 16. Qf7+ Kh8 17. f4 Re7 18.
Nxd5 cxd5 19. Qxd5 Nc6 20. Nf7+ Rxf7 21. Qxf7 Qe8 22.
Qxe8+ Rxe8 23. d5 Nb4 24. e4 Kg8 25. a3 Nc2 26. Rac1 Nd4 27. Rc7 Nb6 28. Rxb7 Nc4 29. e5 Ne3 30. Ra1 1-0